 Dungeon Crawl Stone Soup version 0.29-a0-474-gdfe5cd140f (webtiles) character file.

Game seed: 6035168178914934777

398 happo123 the Magician (level 7, -3/49 HPs)
             Began as a Djinni Earth Elementalist on May 24, 2022.
             Was an Initiate of Dithmenos.
             Killed by divine providence
             ... invoked by an orc priest
              (8 damage)
             ... on level 5 of the Dungeon.
             The game lasted 00:22:48 (3676 turns).

happo123 the Magician (Djinni Earth Elementalist)   Turns: 3676, Time: 00:22:49

Health: -3/49      AC:  3    Str:  7    XL:     7   Next: 10%
Gold:   190        EV: 13    Int: 19    God:    Dithmenos [......] SH:  0 Dex: 13

rFire   + + .      SeeInvis .   m - +4 quarterstaff (chaos)
rCold   x . .      Faith    .   (shield currently unavailable)
rNeg    . . .      Spirit   .   b - +0 robe
rPois   ∞          Reflect  .   (no helmet)
rElec   .          Harm     .   n - +0 cloak {Will+}
rCorr   .          Rampage  .   (no gloves)
Will    +....                   (boots unavailable)
Stlth   ++........              (no amulet)
HPRegen 0.16/turn               (no ring)
MPRegen 0.00/turn               (no ring)

@: flying
A: sickness immunity, fire resistance 2, cold vulnerability 1, float, innate
caster, HP casting, extra vitality 1
a: Renounce Religion


You were on level 5 of the Dungeon.
You worshipped Dithmenos.
Dithmenos was noncommittal.
You visited 2 branches of the dungeon, and saw 6 of its levels.

You collected 190 gold pieces.

Inventory:

Hand Weapons
 m - a +4 quarterstaff of chaos (weapon)
 s - a +3 quarterstaff of speed
Missiles
 a - 51 stones
Armour
 b - a +0 robe (worn)
 d - a +0 buckler
 i - a +0 leather armour
 n - a +0 cloak of willpower (worn)
Wands
 t - a wand of charming (12)
Scrolls
 f - 3 scrolls of enchant weapon {unknown}
 g - a scroll of immolation {unknown}
 h - a scroll of fog {unknown}
 p - a scroll of magic mapping {unknown}
 q - 2 scrolls of identify {unknown}
 r - a scroll of poison {unknown}
Potions
 c - a potion of flight {unknown}
 e - a potion of magic {unknown}
 j - 2 potions of degeneration {unknown}
 k - a potion of heal wounds {unknown}
 l - 2 potions of haste {unknown}
 o - a potion of curing {unknown}


   Skills:
 + Level 2.3 Fighting
 + Level 0.3 Staves
 + Level 2.1 Armour
 + Level 3.4 Dodging
 * Level 3.4 Stealth
 * Level 3.6 Spellcasting
 + Level 0.4 Invocations


You couldn't memorise any spells.
You knew the following spells:

 Your Spells              Type           Power      Damage    Failure   Level
a - Sandblast             Erth           34%        2d9       3%          1
b - Passwall              Tmut/Erth      14%        N/A       4%          2
c - Stone Arrow           Conj/Erth      34%        3d9       10%         3
d - Petrify               Tmut/Erth      17%        N/A       32%         4
e - Freeze                Ice            68%        1d8       3%          1
f - Call Imp              Summ           17%        N/A       4%          2
g - Teleport Other        Tloc           17%        N/A       10%         3
Your spell library was empty.

Dungeon Overview and Level Annotations

Branches:
Dungeon (5/15)             Temple (1/1) D:4

Altars:
Cheibriados
Dithmenos
Fedhas
Gozag
Kikubaaqudgha
Makhleb
Nemelex Xobeh
Qazlal
Uskayaw
Vehumet
Zin
The Shining One

Shops:
D:2 !


Innate Abilities, Weirdness & Mutations

You are immune to sickness and miasma.
You are immune to poison.
Your flesh is very heat resistant. (rF++)
You are vulnerable to cold. (rC-)
You float through the air rather than walking.
You learn spells naturally, not from books.
Your magical power is your life essence.
You have superior vitality. (+4 MHP)


Message History

Confirm with . or Enter, or press ? or * to list all spells.
You can't see any susceptible monsters within range! (Use Z to cast anyway.)
An orc priest and an orc come into view.
Casting: Stone Arrow (dangerous; 10% risk of failure)
Confirm with . or Enter, or press ? or * to list all spells.
Aiming: Stone Arrow (dangerous; 10% risk of failure)
Press: ? - help, Shift-Dir - straight line, f - orc
Aim: an orc, wielding a +0 club and wearing a +0 scale mail (asleep, 100% to hit)
The stone arrow hits the orc!
You kill the orc!
Dithmenos accepts your kill.
The orc priest shouts!
Casting: Stone Arrow (dangerous; 10% risk of failure)
Confirm with . or Enter, or press ? or * to list all spells.
You can't see any susceptible monsters within range! (Use Z to cast anyway.) Unknown command.
The orc priest invokes the aid of Beogh against you.
Pain shoots through your body!
Casting: Stone Arrow (dangerous; 10% risk of failure)
Confirm with . or Enter, or press ? or * to list all spells.
Aiming: Stone Arrow (dangerous; 10% risk of failure)
Press: ? - help, Shift-Dir - straight line, f - orc priest
Aim: an orc priest, wielding a +0 dagger (68% to hit)
The stone arrow hits the orc priest!
The orc priest is severely wounded.
Casting: Stone Arrow (dangerous; 10% risk of failure)
Confirm with . or Enter, or press ? or * to list all spells.
Aiming: Stone Arrow (dangerous; 10% risk of failure)
Press: ? - help, Shift-Dir - straight line, f - orc priest, p - orc priest
Aim: an orc priest, wielding a +0 war axe and wearing a +0 ring mail (72% to hit)
The stone arrow hits the orc priest.
The orc priest is heavily wounded.
The orc priest invokes the aid of Beogh against you.
Beogh smites you!
* * * LOW HITPOINT WARNING * * *
The orc attacks as you move away! The orc hits you with a +0 short sword.
* * * LOW HITPOINT WARNING * * *
The orc priest calls down the wrath of Beogh upon you.
Beogh smites you!
You die...

...... ########......
##...........###
##.<............###.
##..................#
#...†................
#....................
#.....................
#............@.........
#.............ooo......
#..................)....
#.......................
.......................
......................
...................
..................
.....$...........


You could see 2 orc priests and an orc.

Vanquished Creatures
  An ogre (D:3)
  A scorpion (D:4)
  A howler monkey (D:4)
  Crazy Yiuf (D:3)
  2 iguanas
  A jelly (D:4)
  3 adders (D:2)
  A dart slug (D:1)
  4 orcs
  8 ball pythons
  2 bats (D:2)
  5 endoplasms
  A giant cockroach (D:2)
  7 goblins
  3 hobgoblins
  6 jackals
  4 quokkas
  4 frilled lizards
  3 kobolds
  9 rats
67 creatures vanquished.

Vanquished Creatures (collateral kills)
  A giant cockroach (D:4)
1 creature vanquished.

Vanquished Creatures (others)
  A bush (D:3)
1 creature vanquished.

Grand Total: 69 creatures vanquished

Notes
Turn   | Place    | Note
-------+----------+-------------------------------------------
     0 | D:1      | happo123 the Djinni Earth Elementalist began the quest for
                  | the Orb.
     0 | D:1      | Reached XP level 1. HP: 15/15 MP: 0/0
   185 | D:1      | Reached XP level 2. HP: 17/21 MP: 0/0
   917 | D:2      | Found a faded altar of an unknown god.
   980 | D:2      | Reached XP level 3. HP: 19/26 MP: 0/0
   980 | D:2      | Learned a level 1 spell: Freeze
  1467 | D:2      | Reached skill level 1 in Fighting
  1467 | D:2      | Reached XP level 4. HP: 30/32 MP: 0/0
  1469 | D:2      | Found Pipseig's Distillery.
  2110 | D:3      | Identified the +2 ring mail "Cuobrih" {rPois rN+}
  2112 | D:3      | Reached skill level 1 in Armour
  2114 | D:3      | Found a glowing golden altar of the Shining One.
  2202 | D:3      | Noticed an ogre
  2217 | D:3      | Killed an ogre
  2218 | D:3      | Reached XP level 5. HP: 24/38 MP: 0/0
  2218 | D:3      | Learned a level 2 spell: Call Imp
  2488 | D:3      | Found a runed translucent door.
  2489 | D:3      | Noticed Crazy Yiuf
  2495 | D:3      | Killed Crazy Yiuf
  2496 | D:3      | Reached XP level 6. HP: 20/43 MP: 0/0
  2824 | D:4      | Found a staircase to the Ecumenical Temple.
  2848 | Temple   | Entered the Ecumenical Temple
  2991 | Temple   | Became a worshipper of Dithmenos the Shadowed
  3477 | D:4      | Reached XP level 7. HP: 41/49 MP: 0/0
  3477 | D:4      | Learned a level 3 spell: Teleport Other
  3655 | D:5      | Entered Level 5 of the Dungeon
  3676 | D:5      | Killed from afar by an orc priest

Illustrated notes

Levels and vault maps discovered:
D:1:      beargit_arrival_diablo_church, layout_basic
D:2:      layout_loops_ring, serial_shops, shop,
          shapermc_ecumenical_altar_mp_highgroup, minmay_misc_feat_encased
D:3:      layout_basic, nicolae_tso_swordbearing_angel, minmay_hedge_maze,
          uniq_crazy_yiuf_cottage
D:4:      layout_rooms, minmay_temple_entry_waves
D:5:      layout_layer_cave, portal_sewer_entry_b, uniq_sigmund
Temple:   minmay_temple_curvy_loop

Skill      XL: |  1  2  3  4  5  6 |
---------------+-------------------+-----
Stealth        | 2 3 |  3.4
Fighting       | 1 2 |  2.3
Armour         | 1 2 |  2.1
Spellcasting   | 3 |  3.6
Dodging        | 3 |  3.4
Staves         | |  0.3
Invocations    | |  0.4

Action                   |  1- 3 |  4- 6 |  7- 9 || total
-------------------------+-------+-------+-------++-------
Melee: Unarmed           |     2 |       |       ||     2
       Hand axe          |    22 |    31 |       ||    53
       Quarterstaff      |       |    23 |     6 ||    29
 Cast: Sandblast         |    35 |    25 |     2 ||    62
       Stone Arrow       |       |    12 |     4 ||    16
       Call Imp          |       |     1 |       ||     1
 Stab: Sleeping          |     2 |     5 |     1 ||     8
Armor: Robe              |    11 |     7 |       ||    18
Dodge: Dodged            |    32 |    45 |     5 ||    82
Block: Buckler           |     5 |       |       ||     5

Table legend: (Time is in decaauts)
 A = Elapsed time spent in this place.
 B = Non-inter-level travel time spent in this place.
 C = Inter-level travel time spent in this place.
 D = Time resting spent in this place.
 E = Time spent auto-exploring this place.
 F = Levels seen in this place.
 G = Mean time per level.
                   A        B        C        D        E       F      G
               +--------+--------+--------+--------+--------+-----+--------+
         Total |   3701 |   2244 |   1457 |    219 |   1506 |   6 |  616.8 |
       Dungeon |   3323 |   2017 |   1306 |    219 |   1288 |   5 |  664.6 |
        Temple |    377 |    226 |    151 |      0 |    218 |   1 |  377.0 |
               +--------+--------+--------+--------+--------+-----+--------+

Top non-repeatable levels by time:
     D:3: 978 daAuts
     D:2: 943 daAuts
     D:1: 903 daAuts
     D:4: 476 daAuts
  Temple: 377 daAuts
     D:5: 21 daAuts
